Map: Dusk Towers

Players

Showtime

  • Race: Protoss Protoss

Guru - Winner!

  • Race: Zerg Zerg

Event: DreamHack Open Tours WCS Spring Championship

VOD

https://youtu.be/pDBMSOzWUT4

Description

Time

  • Played on: May 15, 2016, 4:46 a.m.
  • Length: 23:10

All games in this series

Show
View Real Time Build Order
Export as new Build Order

Showtime Protoss 

Build Orders: 1 Gate Expand, Phoenix Opening 

Get SALT Encoding   

  12  0:00  Probe (Chrono Boost)  
  13  0:11  Probe (Chrono Boost)  
  14  0:18  Pylon  
  14  0:22  Probe (Chrono Boost)  
  15  0:36  Probe (Chrono Boost)  
  15  0:37  Gateway  
  15  0:42  Assimilator  
  16  0:46  Probe (Chrono Boost)  
  18  0:57  Probe (Chrono Boost)  
  18  1:07  Probe (Chrono Boost)  
  19  1:18  Probe (Chrono Boost)  
  20  1:25  Nexus  
  20  1:33  Cybernetics Core  
  20  1:36  Probe (Chrono Boost)  
  21  1:42  Assimilator  
  21  1:46  Probe (Chrono Boost)  
  22  1:51  Pylon  
  22  1:57  Probe (Chrono Boost)  
  23  2:09  Probe (Chrono Boost), Warp Gate, Adept (Chrono Boost)  
  23  2:13  Pylon  
  26  2:21  Probe  
  27  2:32  Stargate  
  27  2:33  Probe (Chrono Boost), Zealot (Chrono Boost)  
  30  2:37  Probe (Chrono Boost)  
  31  2:45  Probe (Chrono Boost)  
  31  2:50  Probe (Chrono Boost)  
  33  2:55  Adept  
  33  2:56  Mothership Core (Chrono Boost)  
  35  3:02  Probe (Chrono Boost)  
  35  3:04  Pylon  
  38  3:14  Probe x2 (Chrono Boost)  
  40  3:25  Probe (Chrono Boost)  
  40  3:26  Probe (Chrono Boost)  
  40  3:27  Phoenix (Chrono Boost)  
  44  3:35  Nexus  
  44  3:37  Probe (Chrono Boost)  
  44  3:40  Probe (Chrono Boost)  
  46  3:42  Pylon  
  46  3:48  Probe (Chrono Boost)  
  47  3:49  Phoenix  
  47  3:52  Probe (Chrono Boost)  
  48  3:58  Probe (Chrono Boost)  
  48  4:02  Pylon  
  49  4:05  Assimilator x2  
  49  4:07  Probe (Chrono Boost)  
  49  4:09  Probe (Chrono Boost)  
  51  4:11  Phoenix  
  53  4:19  Probe x2 (Chrono Boost)  
  55  4:29  Forge  
  55  4:30  Probe (Chrono Boost)  
  55  4:31  Probe (Chrono Boost)  
  57  4:33  Phoenix  
  59  4:39  Robotics Facility  
  59  4:40  Probe (Chrono Boost)  
  59  4:44  Probe (Chrono Boost)  
  61  4:51  Probe x2 (Chrono Boost)  
  63  4:53  Protoss Ground Weapons Level 1 (Chrono Boost)  
  63  4:54  Phoenix  
  63  4:57  Probe (Chrono Boost)  
  66  5:01  Probe (Chrono Boost)  
  66  5:03  Probe (Chrono Boost)  
  68  5:08  Pylon  
  68  5:10  Gateway  
  68  5:11  Probe  
  68  5:13  Probe x2, Gateway  
  71  5:23  Probe  
  71  5:25  Robotics Facility  
  71  5:27  Probe, Observer (Chrono Boost)  
  71  5:28  Probe  
  75  5:35  Probe, Assimilator  
  76  5:37  Probe  
  76  5:39  Assimilator  
  76  5:41  Probe  
  78  5:47  Probe  
  78  5:49  Probe, Immortal (Chrono Boost)  
  83  5:55  Twilight Council, Pylon  
  84  5:57  Pylon  
  84  6:04  Sentry  
  84  6:10  Pylon  
  86  6:12  Pylon, Gateway  
  86  6:14  Gateway  
  86  6:16  Immortal (Chrono Boost)  
  86  6:20  Sentry  
  86  6:21  Sentry  
  86  6:22  Gateway  
  94  6:28  Charge (Chrono Boost), Pylon  
  94  6:32  Gateway  
  94  6:35  Gateway  
  94  6:37  Protoss Ground Weapons Level 2  
  94  6:38  Immortal  
  98  6:46  Templar Archives  
  98  6:49  Probe  
  98  6:50  Probe x2  
  98  6:52  Immortal, Pylon  
  103  7:15  Psionic Storm  
  103  7:18  Immortal  
  107  7:26  High Templar x2  
  107  7:29  Immortal  
  111  7:34  Pylon  
  115  7:38  Zealot x4  
  115  7:39  Zealot x2  
  127  7:49  Pylon  
  127  7:57  Immortal  
  131  8:01  High Templar x2  
  135  8:06  Immortal  
  139  8:17  Nexus  
  139  8:18  Photon Cannon  
  139  8:19  Pylon  
  139  8:20  Pylon  
  139  8:34  High Templar  
  139  8:35  Zealot x3, High Templar  
  139  8:36  Zealot x3, Warp Prism  
  139  8:40  Photon Cannon  
  139  8:41  Immortal, Pylon  
  157  8:42  Archon  
  160  8:56  Protoss Ground Weapons Level 3 (Chrono Boost)  
  160  9:03  Zealot, High Templar x2  
  160  9:04  Zealot x3  
  160  9:05  Photon Cannon  
  160  9:09  Archon  
  172  9:10  Photon Cannon  
  172  9:12  Photon Cannon, Observer  
  172  9:15  Immortal  
  173  9:21  Zealot  
  173  9:22  Zealot  
  171  9:32  Archon  
  171  9:36  High Templar x3  
  171  9:38  Probe  
  178  9:40  Assimilator  
  178  9:42  Zealot x4, Assimilator  
  178  9:43  Zealot  
  186  10:02  Observer  
  185  10:22  Zealot x5  
  195  10:32  Assimilator  
  190  10:39  Probe x2  
  190  10:41  Immortal  
  172  10:42  Zealot  
  172  10:43  Zealot x2  
  152  10:58  Immortal  
  152  11:00  Zealot x5  
  152  11:02  Assimilator  
  162  11:07  Probe x2  
  162  11:08  Probe  
  165  11:13  Probe  
  165  11:15  Immortal  
  165  11:16  Photon Cannon  
  166  11:19  Probe  
  166  11:21  Nexus  
  166  11:22  Pylon  
  166  11:24  High Templar x4  
  166  11:25  High Templar x4  
  185  11:30  Archon x2  
  187  11:34  Protoss Ground Armor Level 1 (Chrono Boost)  
  187  11:35  Pylon  
  187  11:36  Fleet Beacon  
  187  11:37  Immortal  
  191  11:48  Stargate  
  191  11:50  Stargate  
  187  11:55  Archon x2  
  187  11:56  Observer  
  187  11:59  Archon  
  174  12:02  Zealot x6  
  174  12:03  Zealot x2  
  190  12:15  Probe x2  
  191  12:18  Photon Cannon  
  191  12:19  Photon Cannon x2  
  192  12:23  Tempest  
  192  12:26  High Templar x2  
  200  12:42  Pylon  
  200  12:51  Assimilator  
  200  12:55  Assimilator  
  194  13:07  Zealot x3  
  194  13:08  Zealot  
  197  13:19  Tempest  
  189  13:26  Dark Shrine  
  189  13:28  Gateway  
  189  13:29  Gateway  
  189  13:30  Protoss Ground Armor Level 2 (Chrono Boost)  
  189  13:33  Photon Cannon  
  189  13:35  Photon Cannon  
  189  13:37  Photon Cannon, High Templar x2  
  189  13:38  Photon Cannon, High Templar x2  
  189  13:40  Photon Cannon  
  197  13:44  Archon  
  197  13:45  Archon  
  197  13:52  Pylon  
  197  13:54  Zealot x2  
  199  14:00  Zealot x2  
  187  14:03  Tempest  
  171  14:11  Zealot x2  
  173  14:24  Zealot x3  
  173  14:28  Probe  
  178  14:32  Assimilator  
  178  14:49  Zealot x2  
  170  15:14  Probe  
  159  15:15  Probe x3  
  157  15:25  Nexus  
  157  15:27  Probe x3  
  159  15:29  Tempest x2  
  163  15:47  Archon  
  139  16:06  Nexus  
  139  16:09  High Templar x2  
  139  16:10  High Templar x3  
  130  16:51  High Templar  
  130  16:52  High Templar x5  
  132  17:02  Zealot x4  
  132  17:06  Archon x2  
  140  17:21  Pylon, Observer  
  138  17:34  High Templar x4  
  138  17:35  High Templar x4  
  154  17:40  Archon x3  
  154  17:41  Archon, Mothership Core  
  154  17:43  Pylon  
  156  18:05  Zealot x2  
  148  18:26  Archon  
  94  18:35  Zealot x4  
  94  18:36  Zealot x3  
  84  19:16  High Templar  
  84  19:17  High Templar x3  
  80  19:22  Zealot x5  
  80  19:23  Zealot  
  92  19:51  Zealot  
  92  19:52  Zealot x4  
  97  19:53  Zealot x2  
  94  20:07  Zealot x3  
  95  20:23  High Templar  
  95  20:24  High Templar  
  95  20:26  Zealot  
  95  20:27  Zealot x2  
  103  20:32  Zealot  
  105  20:49  Zealot x2, Assimilator  
  109  20:55  Zealot  
  111  21:02  Zealot x2  
  115  21:09  Zealot  
  107  21:19  High Templar  
  107  21:22  Zealot x2  
  113  21:28  Zealot  
  113  21:32  Zealot  
  93  22:06  Archon  
  93  22:07  Archon x2  
  55  22:10  Zealot x3  
  55  22:11  Zealot  
  41  22:19  Zealot  
  15  22:58  High Templar  
Show
View Real Time Build Order
Export as new Build Order

Guru Zerg - Winner!

Build Orders: Hatch First, Lurkers 

Get SALT Encoding   

  12  0:01  Drone  
  13  0:12  Overlord  
  13  0:18  Drone  
  14  0:31  Drone x2  
  14  0:35  Drone  
  17  0:52  Hatchery  
  17  0:54  Drone  
  17  1:08  Spawning Pool  
  17  1:10  Extractor  
  17  1:11  Drone  
  16  1:15  Drone  
  17  1:19  Drone  
  18  1:28  Drone  
  19  1:45  Overlord  
  19  1:54  Queen  
  19  1:56  Zergling x2  
  22  2:03  Queen  
  22  2:04  Drone  
  25  2:11  Metabolic Boost  
  25  2:12  Drone  
  25  2:13  Drone  
  27  2:19  Drone  
  28  2:25  Drone  
  29  2:34  Hatchery  
  29  2:35  Drone  
  29  2:38  Drone  
  29  2:41  Drone  
  31  2:48  Queen  
  33  2:56  Overlord  
  32  3:00  Zergling x6  
  35  3:10  Overlord  
  35  3:15  Drone  
  35  3:16  Drone x5  
  41  3:20  Spore Crawler  
  41  3:27  Drone x3  
  43  3:38  Lair  
  43  3:40  Drone x4  
  47  3:46  Queen  
  47  3:48  Drone x2  
  51  3:55  Drone x2  
  52  3:56  Drone  
  52  3:57  Drone  
  52  3:58  Drone  
  55  4:04  Overlord, Extractor x2  
  55  4:08  Drone  
  55  4:09  Drone  
  55  4:10  Overlord  
  55  4:12  Evolution Chamber  
  55  4:15  Overlord  
  55  4:16  Overlord  
  54  4:18  Overlord  
  54  4:22  Drone x2  
  56  4:24  Overlord  
  56  4:26  Drone  
  57  4:31  Drone x2  
  57  4:32  Drone  
  57  4:35  Drone  
  57  4:37  Hydralisk Den  
  60  4:38  Zerg Missile Weapons Level 1  
  60  4:41  Drone x2  
  60  4:43  Drone  
  63  4:52  Hatchery  
  61  4:56  Drone  
  61  4:58  Drone  
  61  4:59  Extractor, Drone x2  
  63  5:00  Drone  
  63  5:01  Drone  
  63  5:02  Drone  
  63  5:06  Drone x2  
  68  5:08  Drone x3  
  68  5:11  Spore Crawler  
  68  5:12  Drone  
  71  5:15  Overlord  
  71  5:21  Drone x3  
  71  5:23  Overlord  
  71  5:25  Muscular Augments  
  72  5:32  Drone x2  
  74  5:36  Hydralisk x3, Extractor  
  78  5:45  Hydralisk x2, Drone  
  78  5:46  Hydralisk  
  85  5:53  Hydralisk x4  
  85  5:55  Overlord  
  93  5:59  Drone  
  93  6:03  Drone x3  
  93  6:04  Drone x2  
  98  6:08  Drone  
  100  6:12  Spore Crawler  
  100  6:13  Drone  
  100  6:21  Drone x2  
  100  6:22  Drone  
  104  6:25  Drone x2  
  104  6:27  Drone x2  
  104  6:28  Drone x5  
  104  6:30  Drone x2  
  104  6:32  Evolution Chamber  
  113  6:35  Overlord  
  113  6:37  Zerg Melee Weapons Level 1, Hydralisk  
  113  6:38  Hydralisk x2  
  119  6:44  Hatchery  
  118  6:52  Spore Crawler  
  118  6:53  Extractor, Drone x3  
  119  6:55  Hydralisk x4  
  119  6:59  Zerg Ground Armor Level 1  
  119  7:00  Overlord  
  125  7:13  Hydralisk, Drone  
  127  7:17  Drone  
  127  7:18  Overlord  
  127  7:19  Hydralisk  
  127  7:20  Hydralisk x3  
  127  7:22  Overlord  
  135  7:28  Baneling Nest, Drone  
  135  7:29  Overlord  
  135  7:30  Overlord, Overseer  
  135  7:32  Drone  
  135  7:34  Overlord  
  135  7:35  Overlord  
  136  7:37  Zergling x2  
  136  7:38  Zergling x14  
  136  7:40  Overlord  
  136  7:43  Drone x4  
  148  7:46  Drone x2  
  148  7:51  Drone x3  
  152  7:54  Drone  
  152  7:55  Hatchery  
  152  7:56  Drone  
  152  7:57  Drone  
  154  8:02  Overlord  
  154  8:06  Overlord  
  154  8:08  Zergling x2  
  154  8:09  Zergling x14  
  154  8:11  Zergling x4  
  164  8:13  Zergling x2  
  164  8:16  Centrifical Hooks, Zergling x2  
  164  8:17  Zergling x2  
  167  8:20  Zergling x4  
  168  8:27  Spore Crawler  
  168  8:30  Zergling x2  
  168  8:31  Zergling x2  
  168  8:32  Zergling x16  
  175  8:35  Zergling x2  
  175  8:37  Zerg Melee Weapons Level 2  
  175  8:38  Zergling x4, Lurker Den  
  178  8:41  Zergling x4  
  178  8:42  Overlord  
  178  8:44  Zergling x6  
  182  8:49  Zergling x2  
  182  8:50  Zergling x4  
  182  8:51  Zergling x4  
  182  8:52  Zergling x2  
  182  8:55  Baneling  
  188  8:56  Baneling x25  
  188  8:57  Baneling x24  
  188  8:59  Zergling x6  
  188  9:00  Drone  
  188  9:02  Drone x2  
  193  9:03  Drone  
  193  9:05  Zergling x4  
  193  9:09  Zergling x4  
  170  9:32  Zergling x2  
  170  9:33  Zergling x32  
  170  9:35  Zergling x2  
  170  9:36  Zerg Ground Armor Level 2  
  188  9:38  Baneling  
  188  9:39  Baneling x9  
  188  9:44  Zergling x4, Infestation Pit  
  188  9:45  Spore Crawler  
  188  9:48  Zergling x4  
  189  9:57  Zergling x6  
  189  9:59  Zergling x10  
  194  10:00  Zergling x12  
  194  10:01  Zergling x2  
  200  10:10  Baneling  
  200  10:11  Baneling x21  
  200  10:13  Zergling x8  
  198  10:15  Zergling x6  
  198  10:21  Zergling x2  
  198  10:23  Zergling x2  
  198  10:27  Hive  
  193  10:30  Zergling x4  
  181  10:35  Zergling x2  
  181  10:36  Zergling x18  
  126  10:58  Hydralisk  
  126  10:59  Hydralisk x12  
  126  11:03  Zergling x10  
  126  11:04  Zergling x2  
  143  11:09  Queen x2  
  143  11:10  Zergling x2  
  146  11:11  Zergling x2  
  146  11:12  Zergling x2  
  148  11:19  Lurker  
  148  11:20  Zergling x2  
  148  11:25  Baneling x6  
  144  11:26  Zergling x2  
  144  11:27  Zergling x14  
  144  11:28  Baneling  
  144  11:29  Baneling x6  
  144  11:32  Zergling x4  
  154  11:33  Zergling x6  
  154  11:34  Zergling x2  
  154  11:36  Zergling x4  
  154  11:39  Zergling x2  
  161  11:42  Zergling x2  
  161  11:43  Lurker x2, Hatchery  
  161  11:45  Lurker  
  161  11:46  Zergling x2  
  166  11:47  Zergling x12  
  166  11:48  Zergling x6  
  174  11:59  Zergling x18  
  174  12:01  Baneling x8  
  170  12:02  Baneling x3  
  170  12:05  Zergling x4  
  172  12:10  Zergling x8  
  172  12:11  Zergling x2  
  172  12:12  Zergling x6  
  172  12:15  Zergling x6  
  183  12:17  Zergling x8, Adrenal Glands  
  183  12:21  Zergling x6  
  190  12:23  Zergling x4  
  190  12:24  Zergling x4  
  190  12:26  Zergling x2  
  195  12:30  Zerg Melee Weapons Level 3  
  195  12:31  Zergling x6  
  197  12:44  Zergling x4  
  199  12:57  Zergling x2  
  199  12:58  Zergling x16  
  200  12:59  Zergling x2  
  200  13:03  Zergling x4  
  200  13:04  Zergling x2  
  199  13:08  Zergling x2  
  199  13:09  Zergling x12  
  194  13:13  Zergling x8  
  194  13:14  Zergling x4  
  176  13:20  Zergling x2  
  176  13:21  Zergling x28  
  176  13:23  Baneling  
  176  13:24  Baneling x11  
  176  13:25  Zergling x4  
  176  13:26  Zerg Ground Armor Level 3  
  193  13:28  Zergling x2  
  193  13:31  Drone x2, Extractor  
  193  13:32  Spire  
  193  13:33  Zergling x2  
  195  13:35  Zergling x2  
  195  13:36  Zergling x6  
  195  13:40  Overseer x2  
  199  14:01  Zergling x2  
  199  14:02  Zergling x36  
  197  14:03  Zergling x4  
  197  14:05  Zergling x4  
  197  14:06  Zergling x2  
  197  14:07  Zergling x4  
  197  14:08  Zergling x6  
  197  14:09  Zergling x6  
  190  14:10  Zergling x6  
  190  14:11  Zergling x4  
  190  14:14  Zergling x8  
  192  14:19  Hydralisk x2  
  192  14:20  Hydralisk x3  
  192  14:21  Zergling x4  
  192  14:22  Zergling x2  
  192  14:23  Zergling x8  
  200  14:26  Zergling x2  
  200  14:27  Zergling x2  
  200  14:29  Overseer x2  
  198  14:35  Zergling x2  
  198  14:36  Baneling  
  198  14:37  Baneling x15  
  198  14:38  Baneling x8  
  199  14:44  Zergling x2  
  199  14:45  Zergling x10  
  192  14:49  Zergling x2  
  192  14:50  Zergling x16  
  190  14:54  Zergling x2  
  190  14:55  Zergling x8  
  190  14:56  Drone x3  
  190  14:57  Drone  
  186  15:00  Zergling x2  
  186  15:03  Zergling x10  
  186  15:04  Hydralisk  
  186  15:05  Hydralisk x3  
  186  15:06  Lurker  
  198  15:07  Lurker x4, Hydralisk  
  188  15:16  Hydralisk x3  
  188  15:17  Hydralisk  
  196  15:24  Zergling x2  
  196  15:25  Zergling x4  
  199  15:32  Zergling x2  
  199  15:33  Zergling x2  
  190  15:37  Hydralisk x5  
  190  15:38  Hydralisk x2  
  190  15:40  Zergling x2  
  188  15:44  Hydralisk x2  
  188  15:46  Zergling x8  
  188  15:47  Zergling x4  
  188  15:49  Hydralisk  
  184  15:54  Hatchery  
  184  15:56  Hydralisk x2  
  184  15:57  Hydralisk  
  167  15:58  Zergling x6  
  167  16:00  Hydralisk  
  152  16:04  Zergling x4  
  152  16:05  Zergling x8  
  152  16:11  Zergling x8  
  157  16:12  Spine Crawler  
  157  16:13  Baneling  
  157  16:14  Spine Crawler x2, Baneling x7  
  157  16:15  Zergling x4  
  157  16:17  Zergling x2  
  156  16:22  Zergling x8  
  156  16:25  Zergling x4  
  162  16:29  Zergling x2  
  163  16:35  Baneling  
  163  16:36  Baneling x13  
  146  16:49  Zergling x12  
  146  16:50  Zergling x16  
  150  16:58  Hydralisk x2  
  150  16:59  Hydralisk  
  150  17:00  Hydralisk x2  
  147  17:02  Zergling x10  
  147  17:06  Queen  
  147  17:07  Queen x6  
  166  17:09  Zergling x14  
  166  17:13  Zergling x2  
  171  17:16  Zergling x2  
  171  17:17  Zergling x4  
  171  17:20  Zergling x2  
  171  17:22  Zergling x6  
  175  17:23  Zergling x2  
  175  17:26  Zergling x2  
  175  17:27  Zergling x6  
  180  17:30  Hydralisk x3  
  180  17:37  Corruptor x2  
  188  17:47  Zergling x4  
  188  17:48  Zergling x2  
  188  17:49  Zergling x2  
  188  17:51  Spore Crawler, Zergling x2  
  191  17:52  Zergling x4  
  191  17:54  Zergling x4  
  191  17:58  Zergling x4  
  194  18:06  Zergling x12  
  194  18:10  Zergling x2  
  194  18:11  Zergling x2  
  189  18:17  Hydralisk  
  189  18:18  Hydralisk x8  
  183  18:21  Zergling x2  
  183  18:26  Hydralisk x2  
  158  18:33  Hydralisk  
  136  18:40  Hydralisk  
  120  18:42  Zergling x24  
  120  18:43  Zergling x4  
  127  18:48  Zergling x2  
  127  18:51  Hydralisk  
  127  18:53  Hydralisk  
  128  18:56  Zergling x2  
  117  19:04  Hydralisk  
  103  19:12  Zergling x10  
  103  19:13  Zergling x20  
  111  19:23  Hydralisk  
  112  19:31  Lurker  
  112  19:33  Hatchery  
  111  19:44  Hydralisk  
  111  19:45  Zergling x2  
  110  19:48  Zergling x2  
  110  19:49  Zergling x18  
  110  19:51  Zergling x2  
  110  19:52  Zergling x2  
  119  19:53  Zergling x2  
  119  19:55  Zergling x2  
  119  19:58  Zergling x4  
  123  20:01  Zergling x4  
  123  20:02  Zergling x2  
  126  20:07  Lurker  
  126  20:09  Baneling x2  
  126  20:10  Baneling x5  
  126  20:11  Zergling x2  
  126  20:12  Zergling x10  
  126  20:14  Zergling x2  
  111  20:34  Hatchery  
  105  20:50  Baneling x3  
  105  20:53  Zergling x22  
  116  21:03  Zergling x8  
  120  21:06  Zergling x2  
  120  21:07  Zergling x2  
  118  21:15  Zergling x2  
  118  21:16  Zergling x6  
  120  21:19  Zergling x4  
  122  21:31  Drone x3  
  122  21:32  Drone  
  125  21:41  Zergling x12  
  125  21:43  Zergling x2  
  125  21:46  Zergling x2  
  133  21:50  Zergling x2  
  133  21:51  Zergling x2  
  133  21:53  Zergling x2  
  130  21:54  Zergling x2  
  98  22:14  Hydralisk x3  
  88  22:19  Zergling x20  
  77  22:28  Zergling x2  
  77  22:29  Zergling x8  
  80  22:35  Zergling x4  
  79  22:43  Zergling x2  

Tags
 
Add a new tag
Caveats
  • Supply blocks, unpowered buildings, or Contaminate may cause inaccurate times.
  • Supply counts are checked every 10 seconds.